 Dungeon Crawl Stone Soup version 0.17-a0-913-g36eb389 (webtiles) character file.

258870 namelastname112 the Executioner (level 19, -8/180 HPs)
             Began as a Red Draconian Berserker on May 3, 2015.
             Was the Champion of Trog.
             Killed from afar by a war gargoyle (28 damage)
             ... with a spray of metal splinters
             ... on level 3 of the Vaults.
             The game lasted 01:38:42 (44840 turns).

namelastname112 the Executioner (DrBe)             Turns: 44840, Time: 01:38:43

Health: -8/180     AC: 18    Str: 22    XL:     19   Next: 13%
Magic:  25/26      EV: 27    Int: 12    God:    Trog [******]
Gold:   2130       SH:  0    Dex: 20    Spells: 0 memorised, 18 levels left

rFire  . . .     SeeInvis .     G - +11 battleaxe of Misery {flame, rN+}
rCold  . . .     Clarity  .     (armour unavailable)
rNeg   + + .     SustAb   .     (no shield)
rPois  +         Gourm    .     (helmet restricted)
rElec  +         Spirit   .     O - +2 cloak "Puph" {Dex+2}
rCorr  .         Warding  .     R - +3 pair of gloves of Sloth {rElec rF- rN+ Dex+6}
rMut   .         Stasis   .     x - +0 pair of boots
MR     ++...                    W - amulet of regeneration
Stlth  ++........               n - +5 ring of slaying
                                o - ring of poison resistance

@: flying, very resistant to hostile enchantments, unstealthy
A: breathe fire, unfitting armour, big wings, stinger 1, clever 2, clumsy 2,
fire resistance 1, magic resistance 1, sense surroundings 1, screaming 1,
electricity resistance, wild magic 1, cold-blooded, MP-powered wands, AC +10
a: Breathe Fire, Stop Flying, Burn Spellbooks, Berserk, Trog's Hand, Brothers in
Arms, Renounce Religion
}: 2/15 runes: decaying, gossamer


You were on level 3 of the Vaults.
You worshipped Trog.
Trog was exalted by your worship.
You were not hungry.

You visited 7 branches of the dungeon, and saw 39 of its levels.
You also visited: Labyrinth, Ossuary and Ice Cave.

You collected 5029 gold pieces.
You spent 2899 gold pieces at shops.

Inventory:

Hand weapons
 a - the +10 battleaxe of Trog's Anger {venom, rPois Dex+4 Stlth+}
   (Trog gifted it to you on level 8 of the Lair of Beasts)

   It poisons the flesh of those it strikes.
   It affects your dexterity (+4).
   It protects you from poison.
   It makes you more stealthy.
 G - the +11 battleaxe of Misery (weapon) {flame, rN+}
   (Trog gifted it to you on level 3 of the Spider Nest)

   It has been specially enchanted to burn those struck by it, causing extra
   injury to most foes and up to half again as much damage against particularly
   susceptible opponents.
   Big, fiery blades are also staple armaments of hydra-hunters.
   It protects you from negative energy.
Armour
 x - a +0 pair of boots (worn)
 O - the +2 cloak "Puph" (worn) {Dex+2}
   (You found it in a labyrinth)

   It affects your dexterity (+2).
 R - the +3 pair of gloves of Sloth (worn) {rElec rF- rN+ Dex+6}
   (You bought it in a shop on level 10 of the Dungeon)

   It affects your dexterity (+6).
   It makes you vulnerable to fire.
   It insulates you from electricity.
   It protects you from negative energy.
Jewellery
 m - an uncursed ring of protection from cold
 n - a +5 ring of slaying (right hand)
 o - a ring of poison resistance (left hand)
 s - an uncursed ring of protection from magic
 E - an uncursed amulet of resist mutation
 J - an uncursed ring of protection from fire
 S - an uncursed amulet of the gourmand
 W - an amulet of regeneration (around neck)
Magical devices
 h - a wand of heal wounds (4)
 y - a wand of teleportation (3)
 z - a wand of draining (8)
 C - a wand of cold (9)
 D - a wand of cold (8)
 N - a wand of fire (7)
 T - a wand of digging (13)
 Z - a wand of fire (6)
Scrolls
 e - 11 scrolls of remove curse
 f - 5 scrolls of recharging
 j - 13 scrolls of identify
 k - a scroll of acquirement {unknown}
 q - 13 scrolls of teleportation
 r - a scroll of silence
 H - 4 scrolls of fog
 L - 3 scrolls of blinking
 M - 2 scrolls of enchant armour
 Q - 3 scrolls of enchant weapon
 U - a scroll of fear
 V - a scroll of summoning
Potions
 c - 4 potions of haste
 d - 6 potions of curing
 g - 7 potions of magic
 l - 2 potions of brilliance
 p - 6 potions of might
 u - 3 potions of invisibility
 v - 2 potions of agility
 w - 5 potions of ambrosia
 A - 6 potions of heal wounds
 F - 3 potions of flight
 I - 4 potions of cancellation
 X - a potion of cure mutation
Books
 i - a book of Burglary

   Spells                             Type                      Level
   a - Swiftness                      Charms/Air                   2
   b - Passwall                       Transmutation/Earth          3
   c - Passage of Golubria            Translocation                4
   d - Lee's Rapid Deconstruction     Earth                        5
   e - Invisibility                   Hexes                        6
   f - Darkness                       Hexes                        7
   Trog disapproves of the use of such an item.
Miscellaneous
 t - a disc of storms
 P - a sack of spiders
Comestibles
 b - 27 bread rations
 B - 8 meat rations
 K - 27 fruits
 Y - a beef jerky


   Skills:
 + Level 18.5 Fighting
 + Level 22.0 Axes
 + Level 15.7 Dodging
 * Level 9.3 Evocations


You had 18 spell levels left.
You didn't know any spells.

Dungeon Overview and Level Annotations

Branches:
Dungeon (15/15)            Temple (0/1) D:6            Lair (8/8) D:9
  Swamp (4/4) Lair:4       Spider (4/4) Lair:6        Slime (0/6) Lair:8
    Orc (4/4) D:12            Elf (1/3) Orc:4        Vaults (3/5) D:13
  Crypt (0/3) Vaults:2     Depths (0/5) D:15

Altars:
Elyvilon
Fedhas
Kikubaaqudgha
Makhleb
Qazlal
Ru
Yredelemnul
Beogh

Shops:
D:8 =   D:10 [(   D:11 (   D:15 (   Orc:3 [   Orc:4 [*!=:


Innate Abilities, Weirdness & Mutations

You can breathe blasts of fire.
Your fiery red scales are hard (AC +10).
Your body does not fit into most forms of armour.
Your flesh is heat resistant.
You are cold-blooded and may be slowed by cold attacks.
Your large and strong wings let you fly indefinitely.
Your tail ends in a poisonous barb.
Your mind is very acute. (Int +4)
You are very clumsy. (Dex -4)
You are resistant to hostile enchantments.
You passively map a small area around you.
You occasionally shout uncontrollably at your foes.
You are resistant to electric shocks.
Your spells are a little harder to cast, but a little more powerful.
You expend magic power (3 MP) to strengthen your wands.


Message History

You are engulfed in flames!
The stone giant throws a large rock.
The large rock hits you!!
You hit the war gargoyle. You burn the war gargoyle.
You tail-slap the war gargoyle, but do no damage.
The war gargoyle is lightly damaged.
The war gargoyle hits you with a flail!!
You hit the war gargoyle but do no damage.
The war gargoyle is lightly damaged.
The salamander stormcaller barely misses you.
The stone giant throws a large rock.
The large rock completely misses you. The war gargoyle barely misses you.
You slice the war gargoyle!! You burn the war gargoyle.
The war gargoyle is heavily damaged.
The salamander stormcaller hits you from afar with a halberd.
You are engulfed in flames!!
The stone giant throws a large rock.
The large rock hits you!!!
* * * LOW HITPOINT WARNING * * *
The war gargoyle launches metal splinters at you.
The spray of metal splinters hits you!
You die...

####### ,, #....#
#....# , #....# ,*
#''''# , , ##....##
* #......# , , *
#......#
###+##########)#####
........9@....((#
######.)######.#**
** #NC#, ,#.+ ,, , *
#..# , ,#.# , , , ,
#..# *#.# , .... ,
#.# ,, * ..... *#.#
,* , ,..<<. ,,..#
...<<.. .


You could see a stone giant, a salamander stormcaller and a war gargoyle.

Vanquished Creatures
  Nikola (Elf:1)
  Arachne (Spider:2)
  The ghost of Herrn the Severer, a mighty GrFE of Okawaru (Vaults:2)
  An azure jelly (D:14)
  A frost giant (IceCv)
  The ghost of quik the Bludgeoner, a powerful OgHu of Trog (Lair:8)
  Maud (Lair:7)
  2 vault wardens (Vaults:3)
  Aizul (Swamp:1)
  2 ghost moths (Spider:4)
  4 emperor scorpions
  A deep elf sorcerer (Vaults:3)
  4 ironheart preservers
  A stone giant (Vaults:3)
  A deep elf demonologist (Vaults:3)
  Snorg (Lair:7)
  An ettin (D:15)
  A minotaur (Lab)
  A yaktaur captain (Vaults:3)
  6 vault guards
  5 fire dragons
  4 great orbs of eyes
  An ice dragon (Lair:8)
  Fannar (D:12)
  A ghost crab (Swamp:3)
  A salamander stormcaller (Vaults:2)
  7 centaur warriors
  A tengu warrior (D:15)
  An anaconda (Swamp:2)
  14 hydras
  7 alligators
  4 ogre magi
  A death yak (IceCv)
  A soul eater (Orc:4)
  3 orc high priests (Orc:4)
  Urug (D:12)
  Nergalle (Lair:2)
  8 deep elf knights
  A hell knight (D:15)
  6 fire crabs
  2 small abominations
  2 shadow wraiths
  A spectral anaconda (Swamp:3)
  A spriggan druid (Swamp:1)
  A giant orange brain (Vaults:3)
  3 deep elf summoners (Elf:1)
  A large abomination (Elf:1)
  2 lindwurms (Lair:8)
  6 swamp dragons (Swamp:4)
  9 hill giants
  2 unseen horrors
  Pikel (D:4)
  10 ironbrand convokers
  A wizard (Vaults:3)
  A wolf spider zombie (D:15)
  2 deep elf conjurers
  27 wolf spiders
  17 orb spiders
  5 griffons
  4 harpies (Vaults:2)
  13 slime creatures
  6 orc sorcerers
  15 orc knights
  32 ugly things
  9 hornets
  8 black mambas
  5 cyclopes
  A spectral alligator (Swamp:3)
  A necromancer (Vaults:3)
  7 elephants
  2 human skeletons (Vaults:3)
  4 moths of wrath
  A molten gargoyle (D:14)
  7 vault sentinels
  10 torpor snails
  A black mamba (shapeshifter) (Elf:1)
  12 spiny frogs
  2 gargoyles
  9 demonic crawlers
  2 centaur skeletons
  A fire drake (shapeshifter) (Vaults:3)
  2 efreet (D:14)
  An elf (shapeshifter) (D:15)
  7 freezing wraiths
  13 komodo dragons
  12 yaktaurs
  8 fire drakes
  4 deep elf priests
  A polar bear (shapeshifter) (D:14)
  2 tengu conjurers (D:15)
  7 trolls
  17 jumping spiders
  A queen bee (D:10)
  A blue devil (Orc:4)
  8 two-headed ogres
  7 giant leeches
  A jumping spider (shapeshifter) (Vaults:3)
  Grinder (D:3)
  19 polar bears
  15 blink frogs
  11 ravens
  2 baby alligators (Swamp:1)
  4 human simulacra (Vaults:3)
  3 bog bodies
  48 redbacks
  18 trapdoor spiders
  A boulder beetle (Lair:8)
  A wandering mushroom (Lair:8)
  The ghost of Fusha the Skirmisher, an average OgAs of Ashenzari (D:4)
  Sigmund (D:5)
  19 deep elf fighters
  68 yaks
  28 tarantellas
  2 hungry ghosts
  A spriggan (D:7)
  4 shadows
  13 deep elf magi
  6 steam dragons
  A golden eye (shapeshifter) (D:14)
  3 wraiths
  18 hippogriffs
  15 vampire mosquitoes
  5 basilisks
  5 wargs
  Menkaure (D:6)
  18 wolves
  23 swamp worms
  5 insubstantial wisps (Swamp:3)
  16 water moccasins
  A swamp drake (shapeshifter) (D:15)
  2 ettin simulacra
  10 porcupines
  7 necrophages (Lair:4)
  11 swamp drakes
  31 orc warriors
  7 ice beasts
  A spectral shapeshifter (Swamp:3)
  16 ogres
  3 sky beasts
  4 wasps
  25 spiders
  4 boring beetles
  2 black bears
  An eye of draining (D:10)
  20 centaurs
  A slave (D:4)
  A phantom (D:6)
  20 crocodiles
  2 big kobolds
  5 brain worms
  A wyvern zombie (D:13)
  2 elf skeletons (D:5)
  23 giant frogs
  20 scorpions
  39 killer bees
  An elf simulacrum (Vaults:2)
  3 wights (D:7)
  An electric eel (Spider:4)
  A yaktaur simulacrum (Vaults:1)
  9 crimson imps
  5 hounds
  3 centaur zombies (Ossuary)
  2 human zombies
  13 iguanas
  30 orc priests
  Ijyb (D:2)
  11 jellies
  7 worker ants
  Jessica (D:3)
  2 giant frog skeletons
  7 hell rats
  Natasha (D:3)
  14 sheep
  33 orc wizards
  A big kobold zombie (Ossuary)
  A hound skeleton (D:5)
  A hound zombie (D:8)
  3 mummies (Ossuary)
  Robin (D:3)
  2 scorpion zombies (Ossuary)
  A worker ant zombie (D:7)
  13 adders
  11 gnolls
  5 shadow imps
  57 river rats
  A white imp (Spider:3)
  16 worms
  188 orcs
  16 bats
  2 gnoll zombies (Ossuary)
  30 hobgoblins
  3 quokkas
  2 ball pythons (Swamp:2)
  8 giant cockroaches
  3 giant geckos
  A giant gecko skeleton (D:4)
  5 giant newts
  A giant spore (D:8)
  30 goblins
  4 goblin zombies (Ossuary)
  A hobgoblin zombie (Ossuary)
  19 jackals
  23 kobolds
  A kobold zombie (Ossuary)
  2 orc skeletons (D:5)
  3 orc zombies
  10 rats
  2 ballistomycetes (D:8)
  A bush (Lair:8)
  2 crawling corpses
  6 fungi
  24 plants
1720 creatures vanquished.

Vanquished Creatures (others)
  A ghost moth (Spider:4)
  A centaur warrior (Vaults:3)
  A lindwurm (Swamp:4)
  A hill giant (Vaults:2)
  A centaur zombie (D:14)
  A steam dragon (Swamp:4)
  A deep elf fighter (Vaults:3)
  3 wolves (IceCv)
  A swamp drake (Swamp:4)
  An orc warrior (D:14)
  3 orcs
  5 fungi
  10 plants
30 creatures vanquished.

Grand Total: 1750 creatures vanquished

Notes
Turn   | Place    | Note
--------------------------------------------------------------
     0 | D:1      | namelastname112, the Draconian Berserker, began the quest for the Orb.
     0 | D:1      | Reached XP level 1. HP: 19/19 MP: 1/1
   322 | D:1      | Reached XP level 2. HP: 21/26 MP: 2/2
   610 | D:2      | Noticed Ijyb
   635 | D:2      | Killed Ijyb
   635 | D:2      | Acquired Trog's second power
   635 | D:2      | Reached XP level 3. HP: 30/33 MP: 3/3
   801 | D:2      | Reached XP level 4. HP: 25/40 MP: 4/4
   808 | D:2      | Reached skill level 4 in Axes
  1448 | D:3      | Noticed Jessica
  1453 | D:3      | Killed Jessica
  1488 | D:3      | Noticed Natasha
  1505 | D:3      | Killed Natasha
  1505 | D:3      | Reached XP level 5. HP: 25/46 MP: 5/5
  1688 | D:3      | Found a sacrificial altar of Ru.
  1843 | D:3      | Noticed Grinder
  1953 | D:3      | Paralysed by Grinder for 3 turns
  1970 | D:3      | Killed Grinder
  1970 | D:3      | Reached skill level 5 in Axes
  1970 | D:3      | Reached XP level 6. HP: 55/55 MP: 6/6
  2137 | D:3      | Found a white marble altar of Elyvilon.
  2205 | D:3      | Reached skill level 5 in Fighting
  2560 | D:3      | Noticed Robin
  2572 | D:3      | Killed Robin
  2655 | D:4      | Noticed Pikel
  2661 | D:4      | yolo
  2667 | D:4      | Killed Pikel
  2667 | D:4      | Reached skill level 7 in Axes
  2667 | D:4      | Your scales start taking on a fiery red colour.
  2667 | D:4      | Gained mutation: Your flesh is heat resistant. [Red Draconian growth]
  2667 | D:4      | Reached XP level 7. HP: 62/62 MP: 7/7
  2740 | D:4      | Reached skill level 5 in Dodging
  2765 | D:4      | Reached XP level 8. HP: 42/70 MP: 8/8
  2922 | D:4      | Noticed Fusha's ghost (average OgAs)
  2930 | D:4      | Killed Fusha's ghost
  3155 | D:4      | Acquired Trog's third power
  3590 | D:4      | Found a blossoming altar of Fedhas.
  3657 | D:4      | Reached skill level 8 in Axes
  3997 | D:5      | Entered Level 5 of the Dungeon
  4052 | D:5      | Noticed Sigmund
  4095 | D:5      | Killed Sigmund
  4198 | D:5      | Reached XP level 9. HP: 48/79 MP: 9/9
  4255 | D:5      | Found a sand-covered staircase.
  4260 | Ossuary  | Entered an ossuary
  4275 | Ossuary  | Reached skill level 9 in Axes
  6024 | D:6      | Reached skill level 10 in Axes
  6313 | D:6      | Found a staircase to the Ecumenical Temple.
  6522 | D:6      | Noticed Menkaure
  6529 | D:6      | Killed Menkaure
  6808 | D:7      | Reached XP level 10. HP: 31/90 MP: 10/10
  7811 | D:7      | Received a gift from Trog
  7825 | D:7      | trog pls
  8124 | D:8      | Reached skill level 11 in Axes
  8340 | D:8      | Found Hirasafe's Jewellery Shoppe.
  9138 | D:9      | Gained mutation: Scrolls take you a little longer to read. [mutagenic meat]
  9289 | D:9      | Found a staircase to the Lair.
  9966 | D:9      | Reached skill level 12 in Axes
 10203 | D:10     | Entered Level 10 of the Dungeon
 10212 | D:10     | Received a gift from Trog
 10218 | D:10     | Got a smoking arbalest {god gift}
 10219 | D:10     | Identified the +0 arbalest of Tiud Kabuh {penet, rF+ rC+} (Trog gifted it to you on level 10 of the Dungeon)
 10220 | D:10     | trog
 10220 | D:10     | axes
 10221 | D:10     | pls
 10306 | D:10     | Killed an unseen horror
 10306 | D:10     | Reached skill level 10 in Fighting
 10306 | D:10     | Reached XP level 11. HP: 71/99 MP: 7/11
 10497 | D:10     | Found Anurug's Weapon Shoppe.
 11374 | D:10     | Found Nezxef's Armour Shop.
 11383 | D:10     | Bought the +3 pair of gloves of Sloth {rElec rF- rN+ Dex+6} for 562 gold pieces
 11508 | D:11     | Found Itiussem's Weapon Shop.
 11576 | D:11     | Gained mutation: You are covered in fur (AC +1). [mutagenic meat]
 11577 | D:11     | Gained mutation: Your mind is acute. (Int +2) [mutagenic meat]
 11578 | D:11     | Gained mutation: You can translocate small distances at will. [mutagenic meat]
 11604 | D:11     | Noticed a hill giant
 11612 | D:11     | Killed a hill giant
 11697 | D:11     | Noticed a hill giant
 11707 | D:11     | Killed a hill giant
 11707 | D:11     | Reached skill level 13 in Axes
 11782 | D:11     | Noticed a hill giant
 11789 | D:11     | Killed a hill giant
 12312 | D:11     | Found a stormy altar of Qazlal.
 12380 | D:11     | Received a gift from Trog
 12790 | Lair:1   | Entered Level 1 of the Lair of Beasts
 12939 | Lair:1   | Reached XP level 12. HP: 100/110 MP: 10/12
 13185 | Lair:1   | Gained mutation: You have a pair of small antennae on your head. [potion of mutation]
 13185 | Lair:1   | Gained mutation: You are weak. (Str -2) [potion of mutation]
 14068 | Lair:2   | Noticed Nergalle
 14075 | Lair:2   | Killed Nergalle
 14075 | Lair:2   | Reached skill level 14 in Axes
 14346 | Lair:2   | Found a labyrinth entrance.
 14364 | Lab      | Entered a labyrinth
 14531 | Lab      | Noticed a minotaur
 14536 | Lab      | Killed a minotaur
 14536 | Lab      | Reached skill level 10 in Dodging
 14560 | Lab      | Got a scorched cloak
 14572 | Lab      | Identified the +2 cloak "Puph" {Dex+2} (You found it in a labyrinth)
 14578 | Lab      | Identified the Papyrus of Translocation and Enhancements
 14819 | D:11     | Bought a +2 executioner's axe of chopping for 405 gold pieces
 15763 | Lair:4   | Found a burning altar of Makhleb.
 15888 | Lair:4   | Found a staircase to the Swamp.
 16439 | Lair:5   | Reached skill level 15 in Axes
 16470 | Lair:5   | Noticed a four-headed hydra
 16477 | Lair:5   | Killed a five-headed hydra
 16661 | Lair:5   | Noticed a five-headed hydra
 16668 | Lair:5   | Killed a six-headed hydra
 16975 | Lair:5   | Reached XP level 13. HP: 118/118 MP: 13/13
 17160 | Lair:6   | Received a gift from Trog
 17251 | Lair:6   | Found a hole to the Spider Nest.
 17991 | Lair:7   | Noticed Snorg
 18002 | Lair:7   | Killed Snorg
 18129 | Lair:7   | Noticed Maud
 18188 | Lair:7   | Killed Maud
 18362 | Lair:7   | Reached skill level 16 in Axes
 18692 | Lair:7   | Received a gift from Trog
 19524 | Lair:8   | Entered Level 8 of the Lair of Beasts
 19820 | Lair:8   | Noticed quik's ghost (powerful OgHu)
 19849 | Lair:8   | Killed quik's ghost
 20779 | Lair:8   | Reached XP level 14. HP: 117/129 MP: 12/14
 21413 | Lair:8   | Found a staircase to the Slime Pits.
 21903 | Lair:8   | Reached skill level 17 in Axes
 22166 | Lair:8   | Found a runed door.
 22176 | Lair:8   | Received a gift from Trog
 22184 | Lair:8   | Got an ancient battleaxe {god gift}
 22185 | Lair:8   | Identified the +10 battleaxe of Trog's Anger {venom, rPois Dex+4 Stlth+} (Trog gifted it to you on level 8 of the Lair of Beasts)
 23039 | D:12     | Noticed Urug
 23052 | D:12     | Killed Urug
 23621 | D:12     | Found a staircase to the Orcish Mines.
 23629 | D:12     | Found a roughly hewn altar of Beogh.
 23761 | D:12     | Noticed Fannar
 23772 | D:12     | Killed Fannar
 23882 | Orc:1    | Entered Level 1 of the Orcish Mines
 23884 | Orc:1    | Received a gift from Trog
 24484 | Orc:2    | Found a roughly hewn altar of Beogh.
 24513 | Orc:2    | Received a gift from Trog
 25046 | Orc:3    | Found Vamuc's Antique Armour Boutique.
 25706 | Orc:4    | Entered Level 4 of the Orcish Mines
 25807 | Orc:4    | Found Ygeotunku's Armour Boutique.
 25917 | Orc:4    | Found a staircase to the Elven Halls.
 26048 | Orc:4    | Found Qabot's Distillery.
 26184 | Orc:4    | Received a gift from Trog
 26338 | Orc:4    | Found Jyavium's Assorted Antiques.
 26481 | Orc:4    | Found Rajuir's Book Shoppe.
 26481 | Orc:4    | Found Mofuirchau's Jewellery Shoppe.
 26508 | Orc:4    | Bought a +5 ring of slaying for 1932 gold pieces
 26900 | Elf:1    | Entered Level 1 of the Elven Halls
 26914 | Elf:1    | Received a gift from Trog
 27018 | Elf:1    | Noticed Nikola
 27037 | Elf:1    | Killed Nikola
 27037 | Elf:1    | Reached skill level 18 in Axes
 27037 | Elf:1    | Reached XP level 15. HP: 78/139 MP: 11/15
 28263 | Elf:1    | Received a gift from Trog
 28485 | D:13     | Reached skill level 15 in Fighting
 28883 | D:13     | Found a gate to the Vaults.
 29302 | D:14     | Lost mutation: You can translocate small distances at will. [mutagenic meat]
 29303 | D:14     | Gained mutation: Your mind is very acute. (Int +4) [mutagenic meat]
 29304 | D:14     | Gained mutation: Your spells are a little harder to cast, but a little more powerful. [mutagenic meat]
 29306 | D:14     | Gained mutation: You are resistant to electric shocks. [mutagenic meat]
 29307 | D:14     | Lost mutation: Scrolls take you a little longer to read. [mutagenic meat]
 29308 | D:14     | Gained mutation: Scrolls take you a little longer to read. [mutagenic meat]
 29335 | D:14     | Noticed an azure jelly
 29349 | D:14     | Killed an azure jelly
 29398 | D:14     | Found a frozen archway.
 29404 | IceCv    | Entered an ice cave
 29569 | IceCv    | Reached skill level 19 in Axes
 29629 | IceCv    | Received a gift from Trog
 30185 | D:14     | You fall through a shaft!
 30185 | D:15     | Entered Level 15 of the Dungeon
 30229 | D:15     | Reached XP level 16. HP: 75/150 MP: 16/16
 30238 | D:15     | Received a gift from Trog
 30272 | D:15     | Gained mutation: You are clumsy. (Dex -2) [mutagenic meat]
 30273 | D:15     | Gained mutation: Your body sometimes deteriorates upon taking damage. [mutagenic meat]
 30274 | D:15     | Lost mutation: You are clumsy. (Dex -2) [mutagenic meat]
 30276 | D:15     | Gained mutation: Your large and strong wings let you fly indefinitely. [mutagenic meat]
 30520 | D:15     | Found a staircase to the Depths.
 30573 | D:15     | Found Sips's Antique Weapon Boutique.
 31818 | Spider:1 | Entered Level 1 of the Spider Nest
 31908 | Spider:1 | Received a gift from Trog
 33105 | Spider:2 | Noticed Arachne
 33117 | Spider:2 | Killed Arachne
 33352 | Spider:1 | Reached skill level 20 in Axes
 33545 | Spider:2 | Received a gift from Trog
 34721 | Spider:3 | Received a gift from Trog
 34724 | Spider:3 | Got a polished battleaxe {god gift}
 34726 | Spider:3 | Identified the +11 battleaxe of Misery {flame, rN+} (Trog gifted it to you on level 3 of the Spider Nest)
 35207 | Spider:4 | Entered Level 4 of the Spider Nest
 35257 | Spider:4 | Lost mutation: You are weak. (Str -2) [potion of mutation]
 35257 | Spider:4 | Lost mutation: Your body sometimes deteriorates upon taking damage. [potion of mutation]
 35335 | Spider:4 | Reached XP level 17. HP: 160/160 MP: 17/17
 35506 | Spider:4 | Gained mutation: Your muscles are strong. (Str +2) [mutagenic meat]
 35507 | Spider:4 | Lost mutation: Your muscles are strong. (Str +2) [mutagenic meat]
 35508 | Spider:4 | Gained mutation: You occasionally shout uncontrollably at your foes. [mutagenic meat]
 35556 | Spider:4 | Gained mutation: You are clumsy. (Dex -2) [mutagenic meat]
 36049 | Spider:4 | Received a gift from Trog
 36058 | Spider:4 | Reached skill level 21 in Axes
 36500 | Spider:4 | Got a gossamer rune of Zot
 36755 | Swamp:1  | Entered Level 1 of the Swamp
 36834 | Swamp:1  | Noticed Aizul
 36847 | Swamp:1  | Received a gift from Trog
 36860 | Swamp:1  | Killed Aizul
 36884 | Swamp:1  | Gained mutation: You have sharp toenails. [mutagenic meat]
 38244 | Swamp:3  | Gained mutation: Your tail ends in a poisonous barb. [mutagenic meat]
 38683 | Swamp:3  | Received a gift from Trog
 38885 | Swamp:3  | Reached skill level 1 in Evocations
 39081 | Swamp:4  | Entered Level 4 of the Swamp
 39443 | Swamp:4  | Reached skill level 15 in Dodging
 39867 | Swamp:4  | Reached XP level 18. HP: 145/170 MP: 20/20
 40123 | Swamp:4  | Got a decaying rune of Zot
 40587 | Vaults:1 | Entered Level 1 of the Vaults
 40670 | Vaults:1 | Gained mutation: You expend magic power (3 MP) to strengthen your wands. [mutagenic meat]
 40671 | Vaults:1 | Lost mutation: You are clumsy. (Dex -2) [mutagenic meat]
 40673 | Vaults:1 | Lost mutation: You have a pair of small antennae on your head. [mutagenic meat]
 40897 | Vaults:1 | Reached skill level 5 in Evocations
 41105 | Vaults:1 | Received a gift from Trog
 41541 | Vaults:1 | Received a gift from Trog
 41558 | Vaults:1 | Lost mutation: You are covered in fur (AC +1). [mutagenic meat]
 42071 | Vaults:2 | Noticed Herrn's ghost (mighty GrFE)
 42113 | Vaults:2 | Killed Herrn's ghost
 42394 | Vaults:2 | Gained mutation: You passively map a small area around you. [mutagenic meat]
 42396 | Vaults:2 | Lost mutation: Scrolls take you a little longer to read. [mutagenic meat]
 42397 | Vaults:2 | Gained mutation: You are resistant to hostile enchantments. [mutagenic meat]
 42748 | Vaults:2 | Found a staircase to the Crypt.
 42748 | Vaults:2 | Found a basalt altar of Yredelemnul.
 42749 | Vaults:2 | Found an ancient bone altar of Kikubaaqudgha.
 43446 | Vaults:3 | Received a gift from Trog
 43729 | Vaults:3 | Gained mutation: You are clumsy. (Dex -2) [mutagenic meat]
 43730 | Vaults:3 | Gained mutation: You are very clumsy. (Dex -4) [mutagenic meat]
 43732 | Vaults:3 | Lost mutation: You have sharp toenails. [mutagenic meat]
 44360 | Vaults:3 | Reached skill level 22 in Axes
 44360 | Vaults:3 | Reached XP level 19. HP: 133/180 MP: 25/25
 44840 | Vaults:3 | Killed from afar by a war gargoyle

Action                   |  1- 3 |  4- 6 |  7- 9 | 10-12 | 13-15 | 16-18 | 19-21 || total
-------------------------+-------+-------+-------+-------+-------+-------+-------++-------
Melee: Hand axe          |    87 |   191 |   514 |   109 |       |       |       ||   901
       Unarmed           |       |     9 |       |       |       |       |       ||     9
       War axe           |       |       |       |   646 |       |       |       ||   646
       Battleaxe         |       |       |       |    30 |   857 |  1223 |    58 ||  2168
       Executioner's axe |       |       |       |   177 |   447 |       |       ||   624
Invok: Berserk           |     1 |     1 |     2 |     4 |     6 |     3 |       ||    17
       Trog's Hand       |       |       |       |     1 |       |     3 |       ||     4
       Burn Spellbooks   |       |       |       |     1 |       |     1 |       ||     2
       Brothers in Arms  |       |       |       |       |       |     1 |       ||     1
 Abil: Breathe Fire      |       |       |     6 |    12 |     8 |     3 |       ||    29
       Fly               |       |       |       |       |       |     1 |       ||     1
Evoke: Wand              |       |       |       |       |     3 |     4 |       ||     7
  Use: Scroll            |       |       |    24 |    12 |     4 |     9 |       ||    49
       Potion            |       |       |       |     1 |     3 |     2 |       ||     6
 Stab: Sleeping          |       |       |     2 |     4 |    19 |    13 |       ||    38
       Distracted        |       |       |     1 |     1 |     2 |     5 |       ||     9
       Confused          |       |       |       |       |     2 |       |       ||     2
  Eat: Chunk             |     1 |     6 |     9 |    29 |    28 |    55 |       ||   128
       Beef jerky        |       |       |     1 |     3 |     2 |     4 |       ||    10
       Pizza             |       |       |     1 |       |     1 |     3 |       ||     5
       Meat ration       |       |       |     1 |       |       |     8 |     1 ||    10
       Fruit             |       |       |       |     5 |     1 |     1 |       ||     7
       Royal jelly       |       |       |       |     5 |    10 |       |       ||    15
       Bread ration      |       |       |       |       |     1 |       |       ||     1
